 Dungeon Crawl Stone Soup version 0.30-a0-23-ge60ba3568b (webtiles) character file.

Game seed: 3715362765670033906

63480 scionoferis the Carver (level 14, -4/111 HPs)
             Began as a Demigod Wanderer on Aug 24, 2022.
             Constricted to death by Jorgrun (10 damage)
             ... on level 2 of the Orcish Mines on Aug 25, 2022.
             The game lasted 02:12:24 (25413 turns).

scionoferis the Carver (Demigod Wanderer)          Turns: 25413, Time: 02:12:37

Health: -4/111     AC: 19    Str: 12    XL:     14   Next: 30%
Magic:  19/32      EV: 14    Int: 19    God:
Gold:   1118       SH: 11    Dex: 26    Spells: 24/32 levels left

rFire   . . .      SeeInvis .    a - +2 scimitar (flame)
rCold   . . .      Faith    .    h - +0 buckler
rNeg    . . .      Spirit   .    v - +0 troll leather armour
rPois   .          Reflect  .    i - +2 hat {Int+3}
rElec   .          Harm     .    u - +0 cloak
rCorr   .          Rampage  .    w - +1 pair of gloves of the Harp {Will+}
Will    +++..      Clarity  +    P - +2 pair of boots {Fly}
Stlth   +++.......               q - amulet of regeneration
HPRegen 1.88/turn                U - +6 ring of protection
MPRegen 0.23/turn                Y - ring of willpower

@: grasped by roots, flying, constricted
A: high MP 1, forlorn, divine attributes, large bone plates 1, clarity, weak 1
a: no special abilities


You were on level 2 of the Orcish Mines.
You visited 3 branches of the dungeon, and saw 20 of its levels.
You also visited: Bailey.

You collected 2711 gold pieces.
You spent 1593 gold pieces at shops.

Inventory:

Hand Weapons
 a - a +2 scimitar of flaming (weapon)
 b - a +1 sling of freezing
 d - a +0 dagger of speed
 e - a +2 long sword of holy wrath
 k - the +4 longbow "Ymudo" {vorpal, rElec rF+ rCorr Str-3}
   (You found it on level 11 of the Dungeon)

   Any ammunition fired from it inflicts extra damage upon your enemies.
   Str:       It affects your strength (-3).
   rF:        It protects you from fire.
   rElec:     It insulates you from electricity.
   rCorr:     It protects you from acid and corrosion.
Missiles
 t - 33 poisoned darts
 z - 11 curare-tipped darts (quivered)
 E - 26 boomerangs
 H - 3 throwing nets
Armour
 h - a +0 buckler (worn)
 i - a +2 hat of intelligence (worn)
 j - a +2 leather armour of fire resistance
 u - a +0 cloak (worn)
 v - a +0 troll leather armour (worn)
 w - the +1 pair of gloves of the Harp (worn) {Will+}
   (You found it on level 5 of the Lair of Beasts)

   Will:      It increases your willpower.
 P - a +2 pair of boots of flying (worn)
Jewellery
 q - an amulet of regeneration (around neck)
 y - a ring of positive energy
 A - a ring of fire
 D - the ring of the Tuna {*Slow +Blink Will+ SInv}
   (You bought it in a shop on level 3 of the Dungeon)

   [ring of willpower]

   SInv:      It lets you see invisible.
   +Blink:    It lets you blink.
   *Slow:     It may slow you when you take damage.
   Will:      It increases your willpower.
 N - a ring of ice
 T - a ring of poison resistance
 U - a +6 ring of protection (left hand)
 X - a +4 ring of protection
 Y - a ring of willpower (right hand)
Wands
 f - a wand of paralysis (10)
 C - a wand of flame (27)
 J - a wand of mindburst (7)
 O - a wand of digging (5)
 W - a wand of iceblast (32)
Scrolls
 c - 4 scrolls of teleportation
 l - 3 scrolls of summoning
 m - a scroll of enchant weapon
 r - a scroll of fear
 s - 2 scrolls of blinking
 x - a scroll of magic mapping
 K - 2 scrolls of poison
 M - 6 scrolls of butterflies
 R - 4 scrolls of identify
Potions
 g - 2 potions of brilliance
 n - 2 potions of heal wounds
 o - 3 potions of lignification
 p - 3 potions of might
 B - 3 potions of berserk rage
 I - 7 potions of curing
 L - 3 potions of resistance
 S - 6 potions of haste


   Skills:
 + Level 6.7 Fighting
 * Level 13.2 Long Blades
 - Level 5.0 Armour
 + Level 6.7 Dodging
 - Level 5.0 Stealth
 - Level 6.0 Shields
 + Level 9.8 Spellcasting
 + Level 6.4 Conjurations
 - Level 3.0 Translocations
 - Level 6.0 Fire Magic
 + Level 4.6 Air Magic
 - Level 3.0 Poison Magic
 - Level 6.0 Evocations


You had 24 spell levels left.
You knew the following spells:

 Your Spells              Type           Power      Damage    Failure   Level
a - Mephitic Cloud        Conj/Pois/Air  27%        N/A       5%          3
b - Sticky Flame          Conj/Fire      33%        2d5       10%         4
c - Apportation           Tloc           40%        N/A       3%          1

Your spell library contained the following spells:

 Spells                   Type           Power      Damage    Failure   Level
 Shock                    Conj/Air       100%       1d9       1%          1
 Static Discharge         Conj/Air       30%        3-7/arc   1%          2
 Swiftness                Air            27%        N/A       5%          3
 Dazzling Flash           Conj/Hex       42%        N/A       10%         3
 Stone Arrow              Conj/Erth      42%        3d9       10%         3
 Ignite Poison            Fire/Tmut/Pois 20%        N/A       11%         3
 Sandblast                Erth           18%        2d7       12%         1
 Passwall                 Tmut/Erth      7%         N/A       19%         2
 Airstrike                Air            13%        2d(2-18)  19%         4
 Freezing Cloud           Conj/Ice/Air   11%        6-21      58%         5
 Irradiate                Conj/Tmut      10%        3d15      65%         5
 Dispel Undead            Necr           9%         3d8       77%         4
 Alistair's Intoxication  Tmut/Pois      10%        N/A       88%         5
 Summon Forest            Summ/Tloc      7%         N/A       88%         5
 Summon Mana Viper        Hex/Summ       9%         N/A       98%         5
 Eringya's Noxious Bog    Tmut/Pois      7%         N/A       100%        6
 Summon Cactus Giant      Summ           4%         N/A       100%        6
 Summon Hydra             Summ           4%         N/A       100%        7


Dungeon Overview and Level Annotations

Branches:
Dungeon (13/15)            Temple (0/1) D:6            Lair (5/5) D:11
  Swamp (0/4) Lair:2        Snake (0/4) Lair:2        Slime (0/5) Lair:5
    Orc (2/2) D:12            Elf (0/3) Orc:2        Bailey (visited)
 Vaults: D:13-14

Shops:
D:3 =   D:5 =   D:12 ?   D:13 :(

Portals:
Trove: D:11 (give horn of Geryon)

Annotations:
Orc:2 Jorgrun


Innate Abilities, Weirdness & Mutations

You have an increased reservoir of magic. (+10% MP)
You shall have no god before yourself.
Your divine heritage dramatically boosts your attributes as you level up.
You are partially covered in large bone plates. (SH +4)
You possess an exceptional clarity of mind.
You are weak. (Str -2)


Message History

Jorgrun is moderately wounded.
Jorgrun burns!
You slash Jorgrun!
Jorgrun is moderately wounded.
Jorgrun hits you with a +0 vorpal quarterstaff!
You closely miss the orc.
Jorgrun burns!
You block Jorgrun's attack.
You closely miss Jorgrun.
Jorgrun is moderately wounded.
Jorgrun burns!
The orc closely misses you. You block Jorgrun's attack.
You hit Jorgrun. You burn Jorgrun.
Jorgrun is heavily wounded.
Jorgrun burns!
Jorgrun stops burning.
You block the orc's attack. Jorgrun casts a spell at you.
Roots burst forth from the earth!
The grasping roots grab you! The grasping roots constrict you.
The orc warrior ponders the situation.
Casting: Sticky Flame (dangerous; 10% risk of failure)
Confirm with . or Enter, or press ? or * to list all spells.
Aiming: Sticky Flame (dangerous; 10% risk of failure)
Press: ? - help, Shift-Dir - straight line, f/p - Jorgrun
Aim: Jorgrun, wielding a +0 vorpal quarterstaff and wearing a +2 robe of resistance (heavily wounded, poisoned, 100% to hit)
The sticky flame hits Jorgrun.
Jorgrun resists.
Jorgrun is heavily wounded.
Jorgrun is covered in liquid flames!
Jorgrun burns!
The orc closely misses you.
Jorgrun points at you and mumbles some strange words.
The iron shot hits you!!! The grasping roots constrict you.
* * * LOW HITPOINT WARNING * * *
You slash Jorgrun!
Jorgrun is heavily wounded.
Jorgrun burns!
You block the orc's attack.
Unknown command.
You slash Jorgrun! You burn Jorgrun.
Jorgrun is severely wounded.
Jorgrun burns!
Jorgrun points at you and mumbles some strange words.
The iron shot hits you!!
* * * LOW HITPOINT WARNING * * *
The grasping roots constrict you!
You die...

...............##.##.....# ##.
...................#..#.## ##.
...........[....#.#....###### #..
........<...<...##.#..##..#.####.
................#...###......#.#.
.................#..####..#.#....
..................o..# #.........
..............#o##.o.####.o......
................@g...(.#.g.......
..............#.##.##............
................#..##.....#......
$##.#...............##....##....#
. #.##...##..#......o.....###...#
.. ##.#.#...#^.......#.## #...#
.# #........###.###.#...# .... .#
##.#....## ### ####.#... ...
...###.#.#.## ####..


You could see Jorgrun (burning, poisoned), an orc warrior (confused) and an orc.

Vanquished Creatures
  Gastronok (Lair:1)
  An orc warlord (Orc:2)
  Snorg (D:10)
  Fannar (D:10)
  7 hydras
  Harold (D:10)
  3 catoblepae (Lair:5)
  Erolcha (D:10)
  2 boulder beetles (D:13)
  2 two-headed ogres
  11 death yaks
  Sonja (Lair:5)
  2 fire crabs (Lair:5)
  Pikel (D:7)
  2 ugly things
  A deep elf pyromancer (D:12)
  3 orc sorcerers (Orc:1)
  3 cyclopes
  5 elephants (Lair:3)
  A moth of wrath (Lair:5)
  4 manticores
  Joseph (D:10)
  5 black mambas
  A guardian serpent (Lair:2)
  Maggie (D:7)
  4 cane toads
  A kobold demonologist (D:12)
  A rime drake (Lair:1)
  9 komodo dragons
  3 meliai (D:13)
  A tyrant leech (Lair:5)
  4 trolls
  6 slime creatures
  2 hornets
  7 blink frogs
  2 dream sheep (Lair:1)
  2 wraiths
  A shadow (D:11)
  A wyvern (Lair:3)
  56 yaks
  8 basilisks
  4 steam dragons
  17 vampire mosquitoes
  2 wargs
  2 swamp worms (Lair:5)
  An acid dragon (D:11)
  17 water moccasins
  20 orc warriors
  6 sky beasts
  4 black bears
  4 ogres
  4 centaurs
  13 wolves
  2 phantoms
  2 lemures (D:7)
  4 kobold brigands
  19 bullfrogs
  A gnoll sergeant (D:7)
  4 scorpions
  2 necrophages
  14 wights
  5 killer bees (D:9)
  7 electric eels
  2 vampire bats (D:7)
  3 howler monkeys
  4 jellies
  Crazy Yiuf (D:3)
  2 gnoll boudas
  12 orc priests
  6 hounds
  3 iron imps (D:7)
  Ijyb (D:5)
  Terence (D:2)
  4 iguanas
  12 orc wizards
  11 hell rats
  10 gnolls
  7 adders
  2 shadow imps
  2 white imps
  2 ufetubi (D:4)
  5 dart slugs
  53 orcs
  2 bat skeletons (D:7)
  3 bat zombies (D:7)
  5 endoplasms
  10 goblins
  10 hobgoblins
  4 jackals (D:3)
  5 quokkas
  7 ball pythons
  3 bats
  4 frilled lizards
  32 kobolds
  2 rats (D:1)
  A spectral orc (D:9)
555 creatures vanquished.

Vanquished Creatures (others)
  An orc wizard (D:6)
  48 fungi
  83 plants
132 creatures vanquished.

Grand Total: 687 creatures vanquished

Notes
Turn   | Place    | Note
-------+----------+-------------------------------------------
     0 | D:1      | scionoferis the Demigod Wanderer began the quest for the
                  | Orb.
     0 | D:1      | scionoferis set off with the following items: a +0 dagger,
                  | 2 throwing nets, a scroll of teleportation, a scroll of
                  | butterflies, a scroll of blinking, a +0 leather armour.
     0 | D:1      | Reached XP level 1. HP: 19/19 MP: 3/3
  1164 | D:1      | Reached XP level 2. HP: 27/27 MP: 4/4
  1621 | D:2      | Noticed Terence
  1669 | D:2      | Killed Terence
  1670 | D:2      | Reached XP level 3. HP: 6/33 MP: 5/5
  2736 | D:3      | Reached XP level 4. HP: 40/40 MP: 6/6
  2800 | D:3      | Found Sess's One-of-a-Kind Rings.
  3321 | D:3      | Reached XP level 5. HP: 42/46 MP: 7/7
  3662 | D:3      | Found a runed translucent door.
  3663 | D:3      | Noticed Crazy Yiuf
  4156 | D:3      | Killed Crazy Yiuf
  4157 | D:3      | Reached XP level 6. HP: 53/53 MP: 8/8
  4314 | D:4      | Gained mutation: You have sharp toenails. [potion of
                  | mutation]
  4314 | D:4      | Gained mutation: Your movements are slightly less
                  | encumbered by armour. (ER -2) [potion of mutation]
  4585 | D:4      | Reached skill level 5 in Fighting
  4805 | D:4      | Reached skill level 1 in Long Blades
  4805 | D:4      | Reached XP level 7. HP: 58/61 MP: 9/9
  4820 | D:4      | Reached skill level 5 in Armour
  5257 | D:4      | Reached skill level 2 in Long Blades
  5415 | D:5      | Entered Level 5 of the Dungeon
  5415 | D:5      | Found Otwequig's Jewellery Boutique.
  5491 | D:5      | Reached skill level 3 in Long Blades
  5551 | D:5      | Reached skill level 5 in Dodging
  5764 | D:5      | Reached skill level 4 in Long Blades
  6381 | D:5      | Noticed Ijyb
  6398 | D:5      | Killed Ijyb
  6551 | D:6      | Reached skill level 5 in Long Blades
  6551 | D:6      | Reached XP level 8. HP: 68/68 MP: 10/10
  6555 | D:6      | Found a staircase to the Ecumenical Temple.
  6588 | D:6      | Learned a level 3 spell: Mephitic Cloud
  6641 | D:6      | Paralysed by an orc for 4 turns
  7013 | D:6      | Reached skill level 1 in Conjurations
  7081 | D:6      | Reached skill level 1 in Spellcasting
  7081 | D:6      | Reached skill level 1 in Air Magic
  7081 | D:6      | Reached skill level 1 in Poison Magic
  7092 | D:6      | Reached skill level 6 in Long Blades
  8013 | D:7      | Noticed Maggie
  8019 | D:7      | Killed Maggie
  8344 | D:7      | Reached XP level 9. HP: 74/74 MP: 15/15
  8892 | D:7      | Reached skill level 7 in Long Blades
  9290 | D:7      | Noticed Pikel
  9296 | D:7      | Killed Pikel
  9701 | D:8      | Found a flagged portal.
 10143 | Bailey   | Entered a bailey
 10481 | Bailey   | Reached skill level 8 in Long Blades
 10645 | Bailey   | Reached XP level 10. HP: 40/81 MP: 18/18
 10738 | Bailey   | Got the Almanac of Combative Terrain
 11535 | D:5      | Bought a ring of poison resistance for 240 gold pieces
 11587 | D:3      | Bought a +6 ring of protection for 858 gold pieces
 11846 | D:9      | Reached skill level 9 in Long Blades
 11968 | D:9      | Noticed a two-headed ogre
 11986 | D:9      | Killed a two-headed ogre
 12256 | D:9      | Reached skill level 1 in Stealth
 12466 | D:10     | Entered Level 10 of the Dungeon
 12591 | D:10     | Noticed Snorg
 12612 | D:10     | Killed Snorg
 12613 | D:10     | Reached skill level 5 in Spellcasting
 12613 | D:10     | Reached skill level 5 in Evocations
 12718 | D:10     | Noticed Erolcha
 12888 | D:10     | Noticed Joseph
 12935 | D:10     | Reached XP level 11. HP: 75/86 MP: 22/22
 12995 | D:10     | Killed Joseph
 13051 | D:10     | Noticed Harold
 13066 | D:10     | Killed Harold
 13100 | D:10     | Noticed Fannar
 13118 | D:10     | Killed Fannar
 13119 | D:10     | Reached skill level 10 in Long Blades
 13297 | D:10     | Killed Erolcha
 13682 | D:11     | Noticed a six-headed hydra
 13732 | D:11     | Found a staircase to the Lair.
 13772 | D:11     | Noticed a two-headed ogre
 13860 | D:11     | Learned a level 4 spell: Sticky Flame
 13866 | D:11     | Killed a one-headed hydra
 14034 | D:11     | Noticed a six-headed hydra
 14040 | D:11     | Killed a two-headed hydra
 14041 | D:11     | Reached skill level 5 in Stealth
 14041 | D:11     | Reached skill level 1 in Fire Magic
 14084 | D:11     | Killed a two-headed ogre
 14630 | D:11     | Found a portal to a secret trove of treasure.
 14802 | D:11     | Identified the +4 longbow "Ymudo" {vorpal, rElec rF+ rCorr
                  | Str-3}
 14982 | D:12     | Reached skill level 1 in Shields
 14993 | D:12     | Noticed an eight-headed hydra
 14997 | D:12     | Killed a four-headed hydra
 15042 | D:12     | Noticed a deep elf pyromancer
 15079 | D:12     | Killed a deep elf pyromancer
 15095 | D:12     | Reached XP level 12. HP: 91/94 MP: 26/26
 15194 | D:12     | Identified the +8 spear of the Twisting Pariah {vorpal,
                  | rElec Str-2 Int+2}
 15245 | D:12     | Identified the +2 robe of Apuizuti {rN+}
 15325 | D:12     | Found a staircase to the Orcish Mines.
 15458 | D:12     | Found Dirgheco's Magic Scroll Boutique.
 15466 | D:12     | Bought a scroll of blinking for 82 gold pieces
 15941 | Lair:1   | Entered Level 1 of the Lair of Beasts
 15984 | Lair:1   | Identified the +4 quarterstaff of Termination {vorpal,
                  | Will+}
 16044 | Lair:1   | Reached skill level 5 in Conjurations
 16071 | Lair:1   | Reached skill level 11 in Long Blades
 16138 | Lair:1   | Noticed Gastronok
 16158 | Lair:1   | Killed Gastronok
 16632 | Lair:1   | Identified the +2 robe "Jaleaz" {rN+ Dex+3}
 16680 | Lair:1   | Reached skill level 5 in Fire Magic
 16874 | Lair:2   | Found a staircase to the Snake Pit.
 16876 | Lair:2   | You are sucked into a shaft and drop 2 floors!
 16901 | Lair:4   | Noticed a six-headed hydra
 17850 | Lair:2   | Found a staircase to the Swamp.
 18147 | Lair:3   | Noticed a four-headed hydra
 18186 | Lair:3   | Killed a one-headed hydra
 18187 | Lair:3   | Reached skill level 5 in Shields
 18368 | Lair:3   | Learned a level 1 spell: Apportation
 18483 | Lair:3   | Reached XP level 13. HP: 99/99 MP: 29/29
 19237 | Lair:3   | Reached skill level 1 in Translocations
 20469 | Lair:5   | Entered Level 5 of the Lair of Beasts
 20527 | Lair:5   | Noticed Sonja
 20534 | Lair:5   | Killed Sonja
 20692 | Lair:5   | Reached skill level 12 in Long Blades
 21006 | Lair:5   | Found a staircase to the Slime Pits.
 21468 | Lair:5   | Identified the +0 scale mail of Hopscotch {Drain Fly rF+
                  | Stlth+}
 22272 | Lair:5   | Reached XP level 14. HP: 110/110 MP: 24/32
 22320 | Lair:5   | Identified the +1 pair of gloves of the Harp {Will+}
 23254 | D:13     | Found Fimodon's Tremendous Tomes.
 23560 | D:13     | Reached skill level 13 in Long Blades
 23677 | D:13     | Found Qeffab's Weapon Shop.
 23949 | D:3      | Bought the ring of the Tuna {*Slow +Blink Will+ SInv} for
                  | 413 gold pieces
 24176 | D:11     | Lost mutation: You have sharp toenails. [potion of
                  | mutation]
 24176 | D:11     | Lost mutation: Your movements are slightly less encumbered
                  | by armour. (ER -2) [potion of mutation]
 24176 | D:11     | Gained mutation: You are partially covered in iridescent
                  | scales. (AC +2) [potion of mutation]
 24176 | D:11     | Gained mutation: Your muscles are strong. (Str +4, Int/Dex
                  | -1) [potion of mutation]
 24177 | D:11     | Lost mutation: Your muscles are strong. (Str +4, Int/Dex
                  | -1) [potion of mutation]
 24177 | D:11     | Lost mutation: You are partially covered in iridescent
                  | scales. (AC +2) [potion of mutation]
 24177 | D:11     | Gained mutation: You are weak. (Str -2) [potion of
                  | mutation]
 24178 | D:11     | Lost mutation: You are weak. (Str -2) [potion of mutation]
 24178 | D:11     | Gained mutation: You possess an exceptional clarity of
                  | mind. [potion of mutation]
 24178 | D:11     | Gained mutation: You are partially covered in large bone
                  | plates. (SH +4) [potion of mutation]
 24178 | D:11     | Gained mutation: You are weak. (Str -2) [potion of
                  | mutation]
 24226 | Orc:1    | Entered Level 1 of the Orcish Mines
 24712 | Orc:2    | Entered Level 2 of the Orcish Mines
 24715 | Orc:2    | Noticed an orc warlord
 25037 | Orc:2    | Killed an orc warlord
 25285 | Orc:2    | Found a staircase to the Elven Halls.
 25361 | Orc:2    | Noticed Jorgrun
 25413 | Orc:2    | Constricted to death by Jorgrun

Illustrated notes

Levels and vault maps discovered:
D:1:      sevenhm_arrival_forest_fort_small_4, layout_basic
D:2:      layout_rooms, shapermc_ecumenical_altar_flowoftime, uniq_terence
D:3:      cheibrodos_thug_alley, layout_basic, tso_oasis_becter,
          nicolae_shop_unique_rings, kennysheep_generic_room_7,
          uniq_crazy_yiuf_cottage
D:4:      layout_loops_ring, nicolae_sif_muna_little_library,
          xom_confusion_cloud, lemuel_round_altar, grunt_decor_clamped
D:5:      layout_cave_pods, mainiacjoe_overflow_surrounded_room, serial_shops,
          shop, minmay_splitting_lines, uniq_ijyb
D:6:      layout_cave_pods, minmay_temple_entry_offerings, st_stairs_13
D:7:      nicolae_cairo_tiling_large, layout_rooms, demons_altar,
          kennysheep_vampire_church, elyvilon_altar_1, uniq_maggie, uniq_pikel
D:8:      layout_rooms, vehumet_crystals, marbit_many_paths, enter_bailey_5,
          hangedman_misty_isle
D:9:      layout_loops_ring, yredelemnul_forgotten_temple_becter,
          nicolae_wu_jian_immortal_techniques
D:10:     layout_roguey, okawaru_trees_1, kennysheep_mini_moat, uniq_joseph,
          uniq_harold, uniq_snorg, uniq_erolcha, uniq_fannar
D:11:     layout_stronghold, due_lair_maze_entry_diamond,
          nicolae_trove_entry_diagonal
D:12:     layout_irregular_city, david_orc_1_choice, serial_shops,
          nicolae_shop_hallway_stairs
D:13:     layout_layer_cave, serial_shops, nicolae_shop_behind_doors,
          nicolae_shop_i_like_big_books, nicolae_kite_square_tiling_tiny,
          chequers_serial_rivers_large_b
Lair:1:   layout_gridlike, dreamdust_gnoll_shepherd, serial_bayou_shore_a,
          infiniplex_staircase_pool_2, uniq_gastronok
Lair:2:   layout_regular_city, minmay_swamp_entry_eels,
          minmay_snake_entry_spellcaster
Lair:3:   layout_layer_cave, grunt_megastairs_4, lemuel_fruit_fields
Lair:4:   beast_lair_carwin_large_3, layout_cave_pods, grunt_megastairs_2
Lair:5:   evilmike_catoblepas_cave, layout_concentric_octagons,
          dpeg_slime_entry_enclosed, worms_lemuel, uniq_sonja
Orc:1:    layout_diamond_mine
Orc:2:    st_orc_town, layout_caves, uniq_jorgrun

Skill      XL: |  1  2  3  4  5  6  7  8  9 10 11 12 13 14 |
---------------+-------------------------------------------+-----
Armour         | 2 3 4 5 |  5.0
Dodging        | 3 4 5 6 |  6.7
Fighting       | 4 5 6 |  6.7
Long Blades    | 1 5 6 8 9 10 11 12 13 | 13.2
Conjurations   | 2 3 4 5 6 |  6.4
Spellcasting   | 2 3 5 6 8 9 |  9.8
Air Magic      | 2 3 4 |  4.6
Poison Magic   | 2 3 |  3.0
Evocations     | 3 5 6 |  6.0
Stealth        | 2 5 |  5.0
Fire Magic     | 3 6 |  6.0
Shields        | 1 5 6 |  6.0
Translocations | 3 |  3.0

Action                   |  1- 3 |  4- 6 |  7- 9 | 10-12 | 13-15 || total
-------------------------+-------+-------+-------+-------+-------++-------
Melee: Dagger            |   181 |   155 |   196 |   246 |   179 ||   957
       Punch             |     3 |     1 |     8 |     9 |       ||    21
       Kick              |       |    16 |    29 |       |       ||    45
       Flail             |       |       |     3 |       |       ||     3
       Short sword       |       |       |    39 |       |       ||    39
       Scimitar          |       |       |   254 |   607 |   542 ||  1403
 Fire: Sling             |       |     6 |    13 |       |       ||    19
       Longbow           |       |       |       |    13 |       ||    13
Throw: Throwing net      |     2 |       |       |       |       ||     2
       Boomerang         |       |       |     4 |    11 |    15 ||    30
       Dart              |       |       |       |     2 |     1 ||     3
 Cast: Mephitic Cloud    |       |       |       |    48 |    53 ||   101
       Sticky Flame      |       |       |       |       |    11 ||    11
Evoke: Wand              |       |       |     5 |    12 |     1 ||    18
  Use: Potion            |     2 |     2 |     5 |       |     3 ||    12
       Scroll            |       |     2 |     6 |     7 |     2 ||    17
 Stab: Sleeping          |     1 |     1 |     4 |     5 |     9 ||    20
       Distracted        |       |       |     1 |       |     1 ||     2
       Confused          |       |       |       |    66 |    49 ||   115
       Paralysed         |       |       |       |     5 |     2 ||     7
       Petrified         |       |       |       |       |     1 ||     1
Armor: Leather armour    |    17 |    17 |     5 |    61 |       ||   100
       Skin              |     3 |       |       |       |       ||     3
       Ring mail         |       |       |    27 |       |       ||    27
       Steam dragon scal |       |       |    68 |    73 |       ||   141
       Troll leather arm |       |       |       |    62 |   126 ||   188
Dodge: Dodged            |   119 |   135 |   390 |   458 |   301 ||  1403
Block: Buckler           |       |       |       |    57 |   172 ||   229

Table legend: (Time is in decaauts)
 A = Elapsed time spent in this place.
 B = Non-inter-level travel time spent in this place.
 C = Inter-level travel time spent in this place.
 D = Time resting spent in this place.
 E = Time spent auto-exploring this place.
 F = Levels seen in this place.
 G = Mean time per level.
                   A        B        C        D        E       F      G
               +--------+--------+--------+--------+--------+-----+--------+
         Total |  25063 |  22742 |   2321 |   2036 |  13490 |  21 | 1193.5 |
       Dungeon |  16750 |  15166 |   1584 |   1491 |   9684 |  13 | 1288.5 |
          Lair |   6288 |   5633 |    655 |    149 |   3201 |   5 | 1257.6 |
  Orcish Mines |   1122 |   1040 |     82 |    108 |    506 |   2 |  561.0 |
        Bailey |    902 |    902 |      0 |    288 |     98 |   1 |  902.0 |
               +--------+--------+--------+--------+--------+-----+--------+

Top non-repeatable levels by time:
     D:7: 1838 daAuts
    D:11: 1700 daAuts
  Lair:5: 1624 daAuts
     D:5: 1572 daAuts
  Lair:3: 1567 daAuts
     D:6: 1517 daAuts
     D:3: 1441 daAuts
     D:2: 1422 daAuts
     D:1: 1400 daAuts
     D:4: 1280 daAuts
    D:13: 1198 daAuts
  Lair:4: 1194 daAuts
    D:10: 1022 daAuts
    D:12: 1019 daAuts
  Lair:1: 972 daAuts
